 Dungeon Crawl Stone Soup version 0.22-a0-443-g17c3723931 (webtiles) character file.

65 oleggggg the Skirmisher (level 3, -1/33 HPs)
             Began as a Draconian Berserker on May 31, 2018.
             Was a Believer of Trog.
             Killed from afar by afd's ghost (13 damage)
             ... with a flame tongue
             ... on level 3 of the Dungeon.
             The game lasted 00:09:48 (1028 turns).

oleggggg the Skirmisher (Draconian Berserker)       Turns: 1028, Time: 00:09:48

Health: -1/33      AC:  6    Str: 19    XL:     3   Next: 94%
Magic:  3/3        EV: 13    Int:  7    God:    Trog [**....]
Gold:   86         SH:  0    Dex: 11    Spells: 2/2 levels left

rFire    . . .     SeeInvis .   a - +0 hand axe
rCold    . . .     Gourm    .   (no shield)
rNeg     . . .     Faith    .   (armour unavailable)
rPois    .         Spirit   .   (helmet restricted)
rElec    .         Reflect  .   i - +0 cloak
rCorr    .         Harm     .   (no gloves)
MR       .....     Rnd*Tele +   (no boots)
Stlth    ++........             (no amulet)
HPRegen  0.11/turn              e - ring of stealth
MPRegen  0.08/turn              k - ring of teleportation (curse)

@: no status effects
A: unfitting armour, cold-blooded, AC +5
a: Berserk, Trog's Hand, Renounce Religion


You were on level 3 of the Dungeon.
You worshipped Trog.
Trog was pleased with you.
You were not hungry.

You visited 1 branch of the dungeon, and saw 3 of its levels.

You collected 86 gold pieces.

Inventory:

Hand Weapons
 a - a +0 hand axe (weapon)
 f - a +0 mace
 g - a +0 short sword
Missiles
 l - 5 needles of confusion
Armour
 d - a +0 robe
 i - a +0 cloak (worn)
 m - a +2 robe of magic resistance
Jewellery
 e - a ring of stealth (left hand)
 j - an uncursed ring of resist corrosion
 k - a cursed ring of teleportation (right hand)
Potions
 c - a potion of degeneration
Comestibles
 b - 4 rations


   Skills:
 + Level 3.9 Fighting
 + Level 3.8 Axes
 + Level 3.1 Dodging
 + Level 1.1 Stealth


You had 2 spell levels left.
You didn't know any spells.
Your spell library was empty.

Dungeon Overview and Level Annotations

Branches:
Dungeon (3/15)

Altars:
Gozag
Wu Jian

Annotations:
D:3 afd's ghost, amateur DsFE


Innate Abilities, Weirdness & Mutations

Your plain brown scales are hard. (AC +5)
You cannot fit into any form of body armour.
You are cold-blooded and may be slowed by cold attacks.


Message History

You hit afd's ghost.
Afd's ghost is heavily damaged.
Afd's ghost hits you but does no damage.
You hit afd's ghost.
Afd's ghost is severely damaged.
You miss the adder. Afd's ghost hits you.
The adder bites you but does no damage.
The gnoll hits you from afar with a spear.
You hit afd's ghost.
Afd's ghost is severely damaged.
You hit the adder. You hit the gnoll. The adder closely misses you.
Afd's ghost closely misses you.
The gnoll hits you from afar with a spear.
* * * LOW HITPOINT WARNING * * *
The adder misses you. The gnoll misses you. Afd's ghost barely misses you.
You feel better. The adder bites you.
The gnoll hits you from afar with a spear.
Afd's ghost casts a spell at you. The flame tongue hits you!
You die...

....g.. ......$
##....... #?.....#
#......# #......#
#.g....# #.gg...#
#@..#### ###
#WS.#### #..
##+##......# #.#
#.......##.## #.#
#......##...###.#
..#.....##.....##.#
.........#.......#.#
.#.#..##....._.....#
# #.. ###.......###


You could see afd's ghost, 3 gnolls and an adder.

Vanquished Creatures
  3 adders
  A gnoll (D:1)
  A worm (D:2)
  2 giant cockroaches (D:1)
  2 goblins
  2 hobgoblins (D:1)
  5 kobolds
  5 bats
  2 frilled lizards
  5 rats
28 creatures vanquished.

Notes
Turn   | Place    | Note
-------+----------+-------------------------------------------
     0 | D:1      | oleggggg the Draconian Berserker began the quest for the Orb.
     0 | D:1      | Reached XP level 1. HP: 19/19 MP: 1/1
   155 | D:1      | Reached XP level 2. HP: 26/26 MP: 2/2
   644 | D:2      | Reached XP level 3. HP: 28/33 MP: 3/3
   777 | D:2      | Found an ornate altar of the Wu Jian Council.
   965 | D:2      | Reached ** piety under Trog
   978 | D:3      | Found an opulent altar of Gozag.
  1007 | D:3      | Noticed afd's ghost (amateur DsFE)
  1020 | D:3      | Reached skill level 1 in Stealth
  1028 | D:3      | Killed from afar by afd's ghost

Vault maps used:
D:1:      dpeg_arrival_water_altar, nrook_mini_vaults, minivault_24
D:2:      lemuel_round_altar, first_ration
D:3:      kennysheep_the_goblin_king, lemuel_round_altar

Skill      XL: |  1  2  3 |
---------------+----------+-----
Dodging        | 3 |  3.1
Stealth        | 1 |  1.1
Fighting       | |  3.9
Axes           | |  3.8

Action                   || total
-------------------------++-------
Melee: Hand axe          ||    71
       Tailslap          ||    10
  Use: Scroll            ||     2
       Potion            ||     2
 Stab: Sleeping          ||     6
Armor: Skin              ||    19
Dodge: Dodged            ||    61

Table legend:
 A = Spawn XP
 B = Non-spawn XP
 C = Spawn XP percentage of total XP
 D = Spawn monster count
 E = Non-spawn monster count
 F = Spawn count percentage of total count
 G = Total turns spent on level
                    A         B        C        D         E        F      G
               +---------+---------+-------+---------+---------+-------+---------
         Total |       0 |      94 |   0.0 |       0 |      28 |   0.0 |  1028
               +---------+---------+-------+---------+---------+-------+---------
           D:1 |       0 |      39 |   0.0 |       0 |      17 |   0.0 |   609
           D:2 |       0 |      41 |   0.0 |       0 |       9 |   0.0 |   369
           D:3 |       0 |      14 |   0.0 |       0 |       2 |   0.0 |    50
               +---------+---------+-------+---------+---------+-------+---------
